 Dungeon Crawl Stone Soup version 0.31-a0-221-gbddc013574 (webtiles) character file.

Game seed: 15791984930334211994

247 qw the Chopper (level 6, -7/38 HPs)
             Began as a Gargoyle Fighter on July 4, 2023.
             Mangled by Blork the orc
             ... wielding a +2 war axe of electrocution
              (14 damage)
             ... on level 4 of the Dungeon.
             The game lasted 00:01:28 (3240 turns).

qw the Chopper (Gargoyle Fighter)                   Turns: 3240, Time: 00:01:29

Health: -7/38      AC: 20    Str: 21    XL:     6   Next: 11%
Magic:  6/6        EV:  7    Int:  9    God:
Gold:   225        SH:  9    Dex:  9    Spells: 5/5 levels left

rFire   . . .        Y - +0 war axe
rCold   . . .        c - +0 buckler
rNeg    + . .        j - +0 chain mail
rPois   inf          i - +0 helmet
rElec   +            n - +1 cloak
rCorr   .            g - +1 pair of gloves
SInv    .            e - +0 pair of boots
Will    .....        f - amulet of reflection Stlth
                     (no ring)
HPRegen 0.26/turn    (no ring)
MPRegen 0.10/turn

%: reflection
@: about to teleport
A: sickness immunity, AC +4, negative energy resistance 1, electricity
resistance, torment resistance 1, petrification resistance
a: no special abilities


You were on level 4 of the Dungeon.
You visited 1 branch of the dungeon, and saw 4 of its levels.

You collected 225 gold pieces.


Innate Abilities, Weirdness & Mutations

You are immune to sickness and miasma.
Your stone body is resilient. (AC +4)
You are immune to poison.
You resist negative energy. (rN+)
You are resistant to electric shocks. (rElec)
You are resistant to unholy torment.
You are immune to petrification.


   Skills:
 + Level 3.8 Fighting
 - Level 5.4 Axes
 - Level 3.2 Armour
 - Level 3.2 Shields


You had 5 spell levels left.
You didn't know any spells.
Your spell library was empty.

Inventory:

Hand Weapons
 o - a +1 flail of protection
 Y - a +0 war axe (weapon)
Armour
 c - a +0 buckler (worn)
 e - a +0 pair of boots (worn)
 g - a +1 pair of gloves (worn)
 i - a +0 helmet (worn)
 j - a +0 chain mail (worn)
 n - a +1 cloak (worn)
Jewellery
 f - an amulet of reflection (around neck)
 h - a +6 ring of intelligence
Scrolls
 a - a scroll of identify
 b - 2 scrolls of teleportation
Potions
 d - a potion of might
 k - a potion of attraction
 m - a potion of enlightenment {unknown}

Dungeon Overview and Level Annotations

Branches:
Dungeon (4/15)
 Temple: D:4-7

Altars:
Cheibriados

Annotations:
D:3 2 runed translucent doors, qw's ghost, weakling MiHs
D:4 Blork the orc


Message History

The magic dart hits you. You block Blork the orc's attack.
You hit Blork the orc but do no damage.
Blork the orc screams, "I'm going to kill you!"
Blork the orc hits you but does no damage.
You slash Blork the orc!
Blork the orc is moderately wounded.
Blork the orc drinks a potion.
Blork the orc seems to grow stronger.
You hit Blork the orc.
Blork the orc is moderately wounded.
Blork the orc barely misses you.
You slash Blork the orc!
Blork the orc is severely wounded.
Blork the orc gestures at you while chanting.
The magic dart hits you!
Blork the orc hits you with a +2 war axe of electrocution!
You hit Blork the orc but do no damage.
Blork the orc is severely wounded.
Blork the orc gestures at you while chanting.
The magic dart hits you but does no damage.
You closely miss Blork the orc.
Blork the orc is severely wounded.
You block Blork the orc's attack.
You hit Blork the orc but do no damage.
Blork the orc is severely wounded.
You block Blork the orc's attack.
You hit Blork the orc.
Blork the orc is almost dead.
Blork the orc barely misses you.
You closely miss Blork the orc.
Blork the orc is almost dead.
You block Blork the orc's attack.
Blork the orc hits you with a +2 war axe of electrocution!
You closely miss Blork the orc.
Blork the orc is almost dead.
Blork the orc hits you with a +2 war axe of electrocution.
3240 ||| READING 3 scrolls of teleportation.
As you read the scroll of teleportation, it crumbles to dust.
You feel strangely unstable.
Blork the orc hits you with a +2 war axe of electrocution!
You die...

..................#
#....................#
#....................#
.....................#
.....................#
......>.............##
....#..............##
..................##
......o@.........##
............######
####........#
#...?....# #........#
######## #........#
#......# #........#
##......# #........#
#.......# #........#
#.......#


You could see Blork the orc (strong).

Vanquished Creatures
  Edmund (D:4)
  2 iguanas (D:4)
  2 worms (D:4)
  5 dart slugs
  5 orcs (D:3)
  10 ball pythons
  2 bats
  7 endoplasms
  4 giant cockroaches
  3 hobgoblins
  5 jackals (D:2)
  4 kobolds
  A quokka (D:2)
  2 frilled lizards
  9 goblins
  4 rats (D:1)
66 creatures vanquished.

Notes
Turn   | Place    | Note
-------+----------+-------------------------------------------
     0 | D:1      | qw the Gargoyle Fighter began the quest for the Orb.
     0 | D:1      | Reached XP level 1. HP: 14/14 MP: 1/1
     0 | D:1      | 0 ||| qw: Version: 0.3-a-41-g9d075ac
     0 | D:1      | 0 ||| qw: Game counter: 757
     0 | D:1      | 0 ||| qw: Melee chars always use a shield: true
     0 | D:1      | 0 ||| qw: God list: Okawaru
     0 | D:1      | 0 ||| qw: Allow faded altars: false
     0 | D:1      | 0 ||| qw: Do Orc after clearing Dungeon:15 true
     0 | D:1      | 0 ||| qw: Do second Lair branch before Depths: true
     0 | D:1      | 0 ||| qw: Lair rune preference: random
     0 | D:1      | 0 ||| qw: Goals: Normal, Zot:1-4, Slime:5, God:TSO, Crypt,
                  | Tomb, Abyss, Pan, Hells, Win
     0 | D:1      | 0 ||| PLANNING D:1-11
    35 | D:1      | Reached skill level 2 in Axes
   165 | D:1      | 165 ||| Stepping ~*~*~tactically~*~*~ (hiding).
   169 | D:1      | Reached XP level 2. HP: 19/19 MP: 2/2
   357 | D:1      | You fall into a shaft and drop 1 floor!
   360 | D:2      | 360 ||| UPGRADING to +0 pair of gloves.
   365 | D:2      | 365 ||| UPGRADING to +0 helmet.
   370 | D:2      | 370 ||| UPGRADING to +0 chain mail.
   380 | D:2      | 380 ||| DROPPING +0 scale mail.
   381 | D:2      | 381 ||| READING 2 scrolls labelled GOFETO CUAGU.
   382 | D:2      | 382 ||| READING scroll labelled QASUTO WEROA.
   383 | D:2      | 383 ||| READING scroll labelled NIOSAX XIQOTT.
   384 | D:2      | 384 ||| READING scroll labelled KIOSHR IMALU.
   553 | D:1      | 553 ||| Stepping ~*~*~tactically~*~*~ (stealth).
   568 | D:1      | Reached skill level 3 in Axes
   719 | D:1      | Reached XP level 3. HP: 20/23 MP: 3/3
   743 | D:1      | 743 ||| READING scroll labelled AQITIMACUO.
   757 | D:1      | 757 ||| READING scroll labelled AFEKIO EFEO.
   809 | D:2      | 809 ||| Stepping ~*~*~tactically~*~*~ (hiding).
   997 | D:2      | Found a faded altar of an unknown god.
  1173 | D:2      | 1173 ||| Stepping ~*~*~tactically~*~*~ (hiding).
  1396 | D:2      | Found a snail-covered altar of Cheibriados.
  1399 | D:2      | 1399 ||| Stepping ~*~*~tactically~*~*~ (hiding).
  1400 | D:2      | 1400 ||| Stepping ~*~*~tactically~*~*~ (stealth).
  1613 | D:2      | 1613 ||| UPGRADING to +0 pair of boots.
  1618 | D:2      | 1618 ||| UPGRADING to amulet of reflection.
  1623 | D:2      | 1623 ||| READING 3 scrolls labelled YXKETA TOPUYT.
  1628 | D:2      | 1628 ||| READING scroll labelled REXKID USKOKEG.
  1646 | D:3      | Found a runed translucent door.
  1647 | D:3      | Noticed qw's ghost (weakling MiHs)
  2011 | D:3      | Reached XP level 4. HP: 28/28 MP: 4/4
  2263 | D:3      | Found a runed translucent door.
  2270 | D:3      | 2270 ||| UPGRADING to +1 cloak.
  2275 | D:3      | 2275 ||| READING scroll labelled QIACZU VAIKIR.
  2276 | D:3      | 2276 ||| READING 2 scrolls of identify.
  2276 | D:3      | 2276 ||| IDENTIFYING pink potion
  2383 | D:4      | Reached skill level 4 in Axes
  2478 | D:4      | 2478 ||| Stepping ~*~*~tactically~*~*~ (stealth).
  2482 | D:4      | 2482 ||| Stepping ~*~*~tactically~*~*~ (stealth).
  2644 | D:4      | 2644 ||| Stepping ~*~*~tactically~*~*~ (hiding).
  2879 | D:4      | 2879 ||| READING scroll of enchant armour.
  2879 | D:4      | 2879 ||| ENCHANTING +0 pair of gloves.
  3122 | D:4      | Noticed Edmund
  3140 | D:4      | Killed Edmund
  3141 | D:4      | Reached skill level 5 in Axes
  3141 | D:4      | Reached XP level 5. HP: 30/32 MP: 5/5
  3150 | D:4      | 3150 ||| DROPPING +0 mace.
  3167 | D:4      | Reached XP level 6. HP: 27/38 MP: 6/6
  3225 | D:4      | Noticed Blork the orc
  3239 | D:4      | HP: 7/38 [Blork the orc/+2 war axe of electrocution (6)]
  3240 | D:4      | 3240 ||| READING 3 scrolls of teleportation.
  3240 | D:4      | Mangled by Blork the orc

Levels and vault maps discovered:
D:1:      lemuel_arrival_cross, layout_rooms, minmay_heptomino_w4
D:2:      layout_basic, basic_altar, hellmonk_ecumenical_altar_prayer_group,
          nicolae_elevator_lobby_plus
D:3:      layout_loops_ring, ebering_ghost_sewer_f
D:4:      minmay_chambers_of_fours, layout_basic, minmay_statues_item,
          uniq_blork_the_orc, uniq_edmund

Skill      XL: |  1  2  3  4 |
---------------+-------------+-----
Axes           | 2 3 5 |  5.4
Fighting       | |  3.8
Armour         | |  3.2
Shields        | |  3.2

Action                     |  1- 3 |  4- 6 || total
---------------------------+-------+-------++-------
  Melee: War axe           |   118 |    81 ||   199
    Use: Scroll            |     8 |     4 ||    12
 Armour: Scale mail        |     7 |       ||     7
         Chain mail        |    47 |    32 ||    79
  Dodge: Dodged            |    38 |    15 ||    53
  Block: Buckler           |    26 |    30 ||    56
         Reflection        |       |     2 ||     2

Table legend:
 A = Non-vault XP
 B = Vault XP
 C = Vault XP percentage of total XP
 D = Non-vault monster count
 E = Vault monster count
 F = Vault count percentage of total count
                 A         B        C        D         E       F
            +---------+---------+-------+---------+---------+-------
      Total |     194 |     159 |  45.0 |      58 |       8 |  12.1
            +---------+---------+-------+---------+---------+-------
        D:1 |      24 |       8 |  25.0 |      13 |       5 |  27.8
        D:2 |      36 |       4 |  10.0 |      19 |       2 |   9.5
        D:3 |      26 |       0 |   0.0 |      11 |       0 |   0.0
        D:4 |     108 |     147 |  57.6 |      15 |       1 |   6.2
            +---------+---------+-------+---------+---------+-------
